 Dungeon Crawl Stone Soup version 0.30-a0-358-g0d69a1922f (webtiles) character file.

Game seed: 1641987947583348533

6 Essalna the Firebug (level 1, -1/11 HPs)
             Began as a Gargoyle Fire Elementalist on Nov 11, 2022.
             Slain by a jackal (2 damage)
             ... on level 1 of the Dungeon.
             The game lasted 00:00:30 (149 turns).

Essalna the Firebug (Gargoyle Fire Elementalist)     Turns: 149, Time: 00:00:30

Health: -1/11      AC:  4    Str: 11    XL:     1   Next: 90%
Magic:  1/3        EV: 11    Int: 15    God:
Gold:   9          SH:  0    Dex: 10    Spells: 3/4 levels left

rFire   . . .      SeeInvis .    (no weapon)
rCold   . . .      Faith    .    (no shield)
rNeg    + . .      Spirit   .    a - +0 robe
rPois   ∞          Reflect  .    (no helmet)
rElec   +          Harm     .    (no cloak)
rCorr   .          Rampage  .    (no gloves)
Will    .....                    (no boots)
Stlth   ++........               (no amulet)
HPRegen 0.21/turn                (no ring)
MPRegen 0.08/turn                (no ring)

@: no status effects
A: sickness immunity, AC +2, negative energy resistance 1, electricity
resistance, torment resistance 1, petrification resistance
a: no special abilities


You were on level 1 of the Dungeon.
You visited 1 branch of the dungeon, and saw 1 of its levels.

You collected 9 gold pieces.

Inventory:

Armour
 a - a +0 robe (worn)
Potions
 b - a potion of magic


   Skills:
 + Level 0.6 Fighting
 - Level 1.5 Dodging
 - Level 2.1 Stealth
 - Level 2.0 Spellcasting
 + Level 1.4 Conjurations
 + Level 3.1 Fire Magic


You had 3 spell levels left.
You knew the following spells:

 Your Spells              Type           Power      Damage    Failure   Level
a - Foxfire               Conj/Fire      32%        2x1d5     9%          1

Your spell library contained the following spells:

 Spells                   Type           Power      Damage    Failure   Level
 Scorch                   Fire           20%        2d6       10%         2
 Inner Flame              Hex/Fire       6%         N/A       34%         3
 Kindle Blastsparks       Fire/Tloc/Air  8%         2d10      41%         3
 Flame Wave               Conj/Fire      8%         2d5       65%         4


Dungeon Overview and Level Annotations

Branches:
Dungeon (1/15)

Altars:


Innate Abilities, Weirdness & Mutations

You are immune to sickness and miasma.
Your stone body is resilient. (AC +2)
You are immune to poison.
You resist negative energy. (rN+)
You are resistant to electric shocks. (rElec)
You are resistant to unholy torment.
You are immune to petrification.


Message History

The jackal is almost dead.
You closely miss the jackal.
The jackal is almost dead.
The foxfire hits the hobgoblin.
The hobgoblin is moderately wounded.
The goblin hits you but does no damage. The jackal attacks as you move away!
The jackal closely misses you. The goblin attacks as you move away!
The goblin hits you but does no damage.
The jackal bites you but does no damage.
The jackal barely misses you. The jackal barely misses you.
The jackal closely misses you. The jackal bites you.
The jackal bites you but does no damage.
The jackal completely misses you.
An endoplasm comes into view.
The endoplasm quivers.
The jackal bites you but does no damage.
The jackal bites you but does no damage.
The hobgoblin attacks as you move away! The hobgoblin hits you.
The jackal attacks as you move away! The jackal barely misses you. x2
The endoplasm jiggles.
The endoplasm freezes you.
You are frozen.
The endoplasm attacks as you move away! The endoplasm hits you.
The jackal bites you but does no damage. x2
The jackal closely misses you. The jackal attacks as you move away!
The jackal barely misses you. x2
The jackal attacks as you move away!
The jackal bites you but does no damage.
The jackal bites you. The goblin hits you but does no damage.
The goblin attacks as you move away! The goblin hits you but does no damage.
The jackal attacks as you move away!
The jackal bites you but does no damage.
There is an open door here.
The goblin attacks as you move away! The goblin hits you with a +0 dagger.
The jackal stops to sniff the ground.
The jackal bites you.
* * * LOW HITPOINT WARNING * * *
The jackal attacks as you move away! The jackal bites you.
You die...

##########......##
.................#
######+#########........^.
♣...[.<..≈~~~~~#..........
....~~~≈~~~....'...†......
..~~~PPP~~.....#..........
.~≈PPP~~~.>...♣#..........
≈~~PP~~.....P♣♣##........#
≈≈≈~~~.<.@♣♣♣♣ #..........
########h## ##..........
#hg#####...........
#J....#............
#.....#............
#.....#..#........#
#................##
#........#########
#.....####


You could see an endoplasm and 2 jackals.

Vanquished Creatures
  3 bats (D:1)
  2 endoplasms (D:1)
5 creatures vanquished.

Vanquished Creatures (others)
  14 foxfires (D:1)
14 creatures vanquished.

Grand Total: 19 creatures vanquished

Notes
Turn   | Place    | Note
-------+----------+-------------------------------------------
     0 | D:1      | Essalna the Gargoyle Fire Elementalist began the quest for
                  | the Orb.
     0 | D:1      | Reached XP level 1. HP: 10/10 MP: 3/3
   149 | D:1      | Slain by a jackal

Illustrated notes

Levels and vault maps discovered:
D:1:      tarquinn_simple_flora_water_c, layout_rooms,
          ebering_ecumenical_altar_hall

Action                   || total
-------------------------++-------
Melee: Unarmed           ||     2
 Cast: Foxfire           ||     9
Armor: Robe              ||    12
Dodge: Dodged            ||    13

Table legend: (Time is in decaauts)
 A = Elapsed time spent in this place.
 B = Non-inter-level travel time spent in this place.
 C = Inter-level travel time spent in this place.
 D = Time resting spent in this place.
 E = Time spent auto-exploring this place.
 F = Levels seen in this place.
 G = Mean time per level.
                   A        B        C        D        E       F      G
               +--------+--------+--------+--------+--------+-----+--------+
         Total |    149 |    149 |      0 |      0 |    102 |   1 |  149.0 |
       Dungeon |    149 |    149 |      0 |      0 |    102 |   1 |  149.0 |
               +--------+--------+--------+--------+--------+-----+--------+

Top non-repeatable levels by time:
     D:1: 149 daAuts
